[Event "Team 45 45 League T55"]
[Site "Internet Chess Club"]
[Date "2013.01.14"]
[Round "8"]
[White "WillC"]
[Black "jonesey"]
[Result "0-1"]
[WhiteElo "1769"]
[BlackElo "1842"]
[Opening "Réti opening"]
[ECO "A04"]
[Time "17:02:03"]
[TimeControl "2700+45"]

1. Nf3 g6 2. d4 Bg7 3. Bf4 Nf6 4. e3 c6 5. Be2 Qb6 6. b3 Nd5 7. Be5 Qa5+ 8. Qd2
Qxd2+ 9. Kxd2 Nf6 10. Rd1 d6 11. Bxf6 Bxf6 12. Ke1 Bf5 13. c3 Nd7 14. Nbd2 g5
15. e4 Bg6 16. Kf1 O-O 17. Rac1 Rac8 18. g4 h6 19. Bd3 Bg7 20. Nc4 Nf6 21. e5
Ne8 22. Ne3 e6 23. Nc4 Bxd3+ 24. Rxd3 Rd8 25. Rcd1 b5 26. Na5 Rc8 27. Nb7 Rc7
28. Na5 f5 29. exf6 Nxf6 30. h3 Nd5 31. Nd2 Rcf7 32. Ne4 b4 33. c4 Nc3 34. Nxc3
Rxf2+ 35. Ke1 bxc3 36. Rxc3 Rf1+ 37. Kd2 R8f2+ 38. Kc1 Bxd4 39. Rd3 Bb2+ 40. Kb1
Ba3 41. Nxc6 Rb2+ 42. Ka1 Rff2 43. Nxa7 Rxa2+ 44. Kb1 Rfb2+ 45. Kc1 Ra1# {White
checkmated} 0-1

[Event "Team 45 45 League T55"]
[Site "Internet Chess Club"]
[Date "2013.01.14"]
[Round "8"]
[White "parrot9"]
[Black "Packerfan"]
[Result "1/2-1/2"]
[WhiteElo "1689"]
[BlackElo "1737"]
[Opening "Scotch: Schmidt variation"]
[ECO "C45"]
[Time "15:05:52"]
[TimeControl "2700+45"]

1. e4 e5 2. Nf3 Nc6 3. d4 exd4 4. Nxd4 Nf6 5. Nxc6 bxc6 6. Bd3 d6 7. O-O Be7 8.
Be3 O-O 9. Nd2 c5 10. c3 Be6 11. h3 Rb8 12. b3 d5 13. e5 Nd7 14. f4 f5 15. exf6
Bxf6 16. Qc2 h6 17. Nf3 Qe8 18. Rae1 Be7 19. Bh7+ Kh8 20. Ne5 Nxe5 21. fxe5
Rxf1+ 22. Rxf1 Qh5 23. Bf5 Bxf5 24. Rxf5 Qe8 25. Qf2 Qb5 26. Rf7 Qe8 27. Qf5 Bf6
28. Rxc7 Qxe5 29. Qxe5 Bxe5 30. Rxc5 Rd8 31. Bd4 Bxd4+ 32. cxd4 Rd7 33. Kf2 g5
34. g4 Kg7 35. Ke3 Kf7 36. b4 Ke7 37. a4 Rb7 38. Rxd5 Rxb4 39. Ra5 Rb3+ 40. Ke4
Rxh3 41. Rxa7+ Kd6 42. Ra6+ Kc7 43. d5 Rg3 44. Kf5 Rf3+ 45. Ke5 Re3+ 46. Kf5
Rf3+ 47. Kg6 Rf4 48. Kh5 Rd4 49. Rxh6 Rxa4 50. Rg6 Rd4 51. Rxg5 Kd6 52. Kg6 Rf4
53. Kh5 Rf1 54. Rf5 Rh1+ 55. Kg6 Rg1 56. g5 Rg2 57. Kf7 Re2 58. Kf8 Rg2 59. Kg7
Re2 60. g6 Re7+ 61. Rf7 Re5 62. Kg8 Kxd5 63. g7 Ke6 64. Kh7 Kxf7 65. g8=Q+ Kf6
66. Qg6+ Ke7 67. Kg7 Re6 68. Qf7+ Kd6 69. Qf4+ Kd5 70. Kf7 Re4 71. Qf3 Kd4 72.
Kf6 Re8 73. Qd1+ Kc3 74. Qf3+ Kd2 75. Qf4+ Re3 76. Qb4+ Ke2 77. Kf5 Rf3+ 78. Kg4
Rd3 79. Qe4+ Kd2 80. Kf4 Kc3 81. Qe6 Kd2 82. Qa2+ Kc3 83. Ke4 Rd4+ 84. Ke3 Rd3+
85. Ke4 Rd4+ 86. Ke5 Rd2 87. Qa4 Re2+ 88. Kd5 Rd2+ 89. Kc5 Kd3 90. Qd4+ Ke2 91.
Qh4 Kd1 92. Kb4 Re2 93. Kb3 Re3+ 94. Kc4 Re2 95. Qf4 Rc2+ 96. Kb3 Re2 97. Qc4
Re3+ 98. Kb2 Re2+ 99. Kb1 Ke1 100. Kc1 Kf2 101. Qf4+ Kg2 102. Kd1 Rf2 103. Qe4+
Kg3 104. Qg6+ Kf3 105. Qh5+ Kg3 106. Qe5+ Rf4 107. Ke2 Kg4 108. Ke3 Rf5 109.
Qg7+ Rg5 110. Qf6 Rf5 111. Qd4+ Kg5 112. Qd3 Re5+ 113. Kf3 Rf5+ 114. Kg3 Kf6
115. Qd7 Rg5+ 116. Kh4 Re5 117. Qd4 Ke6 {Game drawn by the 50 move rule} 1/2-1/2

[Event "Team 45 45 League T55"]
[Site "Internet Chess Club"]
[Date "2013.01.10"]
[Round "8"]
[White "Innes"]
[Black "nursey"]
[Result "0-1"]
[WhiteElo "1746"]
[BlackElo "1669"]
[Opening "Evans gambit: 5...Be7"]
[ECO "C51"]
[Time "15:06:23"]
[TimeControl "2700+45"]

1. e4 e5 2. Nf3 Nc6 3. Bc4 Bc5 4. b4 Bxb4 5. c3 Be7 6. O-O Nf6 7. d4 exd4 8. e5
Ne4 9. Qc2 Nxc3 10. Nxc3 dxc3 11. Qxc3 O-O 12. a3 b6 13. Rd1 Bb7 14. Ra2 Qc8 15.
Ng5 Qe8 16. Re2 a5 17. Qd3 Bxg5 18. Bxg5 Nxe5 19. Qg3 d6 20. Bh6 g6 21. Bxf8
Kxf8 22. f4 Qa4 23. Bb3 Nf3+ 24. gxf3 Qxb3 25. Rde1 Qxa3 26. Re3 Qc5 27. Qh4 Re8
28. Qh6+ Kg8 29. f5 Kh8 30. Kg2 Qc2+ 31. Kg3 Rg8 32. f6 Qf5 33. Qh4 b5 34. Qf4
Qxf4+ 35. Kxf4 a4 36. Kg5 c5 37. Re8 h6+ 38. Kxh6 Bc6 39. Rxg8+ Kxg8 40. Re7 b4
41. Rc7 Be8 42. Ra7 a3 43. Kg5 d5 44. Kf4 Kh7 45. Ke5 d4 46. Ke4 Kh6 47. Kd3
Bb5+ 48. Kc2 Bc4 49. f4 b3+ 50. Kc1 b2+ 51. Kc2 Bd3+ 52. Kxd3 b1=Q+ 53. Kc4 a2
54. Rxf7 Qb4+ 55. Kd3 a1=Q 56. Rf8 Qb3+ 57. Ke4 Qe1# {White checkmated} 0-1

[Event "Team 45 45 League T55"]
[Site "Internet Chess Club"]
[Date "2013.01.14"]
[Round "8"]
[White "alexping"]
[Black "kidviper"]
[Result "1/2-1/2"]
[WhiteElo "1962"]
[BlackElo "1947"]
[Opening "Queen's Indian: 4.Nc3"]
[ECO "E12"]
[Time "10:03:56"]
[TimeControl "2700+45"]

1. d4 Nf6 2. c4 e6 3. Nf3 b6 4. Nc3 Bb7 5. Bg5 h6 6. Bh4 Be7 7. e3 c5 8. Be2 O-O
9. O-O cxd4 10. exd4 d6 11. Nd2 Nbd7 12. Bf3 Bxf3 13. Qxf3 Rc8 14. Nb5 Ra8 15.
Bg3 d5 16. Rac1 Bb4 17. Qd3 Bxd2 18. Qxd2 Ne4 19. Qe3 Nxg3 20. Qxg3 Nf6 21. Nc7
Rc8 22. cxd5 Nxd5 23. Nxd5 Qxd5 24. b3 Qxd4 25. Rcd1 Qb2 26. a4 Rc3 27. Rd3 Rfc8
28. h3 Qc2 29. Rfd1 Qxd1+ 30. Rxd1 Rxg3 31. fxg3 Rc3 32. Rd8+ Kh7 33. Rd7 Kg6
34. Rxa7 Rxb3 35. Kf2 Ra3 36. Ra6 Kf5 37. Rxb6 Rxa4 38. Rb5+ e5 39. Rb7 Kg6 40.
Rb6+ f6 41. g4 h5 42. gxh5+ Kxh5 43. Rb7 g6 44. Rb6 Kg5 45. g3 f5 46. Re6 e4 47.
Rb6 Ra2+ 48. Kg1 Rd2 49. Re6 Rd3 50. Kf2 Rd2+ 51. Kg1 Kh5 52. Re5 Rd6 53. Kf2
Kg5 54. Ra5 Kf6 55. h4 g5 56. g4 fxg4 57. Rxg5 {Game drawn by mutual agreement}
1/2-1/2

[Event "Team 45 45 League T55"]
[Site "Internet Chess Club"]
[Date "2013.01.14"]
[Round "8"]
[White "toukon"]
[Black "bshribharath"]
[Result "0-1"]
[WhiteElo "1694"]
[BlackElo "1836"]
[Opening "Nimzo-Indian: classical variation"]
[ECO "E32"]
[Time "21:14:13"]
[TimeControl "2700+45"]

1. d4 Nf6 2. c4 e6 3. Nc3 Bb4 4. Qc2 O-O 5. a3 Bxc3+ 6. Qxc3 d5 7. Bg5 dxc4 8.
Qxc4 b6 9. Nf3 Bb7 10. e3 Nbd7 11. Be2 c5 12. O-O cxd4 13. Qxd4 Nc5 14. Qf4 Qb8
15. Qb4 Nfe4 16. Bf4 Qe8 17. Rfd1 Rd8 18. h3 Qe7 19. Nd2 a5 20. Qxb6 Nxd2 21. b4
Ncb3 22. Ra2 axb4 23. axb4 e5 24. Bh2 Rd6 25. Qb5 Rd5 26. Qb6 Rfd8 27. Ra7 Nc4
28. Rxd5 Nxb6 29. Rxd8+ Qxd8 30. Rxb7 Nc1 31. Bf3 e4 32. Rb8 Qxb8 33. Bxb8 exf3
34. gxf3 Na2 35. Bc7 Nd5 36. Bd6 Ndxb4 37. Kg2 f6 38. Kg3 Kf7 39. e4 Ke6 40. Bc5
Nd3 41. Be3 Nc3 42. f4 Nxe4+ 43. Kf3 Kf5 44. Bd4 Ndxf2 45. Bb6 Nxh3 46. Bc7 Nhf2
47. Ba5 h5 48. Be1 h4 49. Kg2 Kxf4 {White resigns} 0-1

[Event "Team 45 45 League T55"]
[Site "Internet Chess Club"]
[Date "2013.01.12"]
[Round "8"]
[White "qs16"]
[Black "RamRock"]
[Result "1-0"]
[WhiteElo "1822"]
[BlackElo "1790"]
[Opening "Dutch with c4 & Nc3"]
[ECO "A85"]
[Time "09:02:49"]
[TimeControl "2700+45"]

1. d4 f5 2. c4 Nf6 3. Nc3 e6 4. Nf3 Be7 5. Bg5 O-O 6. e3 d6 7. Bd3 Qe8 8. O-O
Nc6 9. a3 Qh5 10. h3 h6 11. Bxf6 Bxf6 12. Nb5 Rf7 13. Be2 Qg6 14. Rc1 a6 15. Nc3
Bd7 16. Qc2 Raf8 17. Rcd1 Kh8 18. d5 Nd8 19. dxe6 Nxe6 20. Nd5 Bd8 21. Bd3 c6
22. Nf4 Nxf4 23. exf4 Qf6 24. Rd2 Re7 25. Re1 Rxe1+ 26. Nxe1 Re8 27. Re2 Rxe2
28. Qxe2 Qe6 29. Qd2 Bf6 30. Nf3 g6 31. b3 Kg7 32. Bc2 Qf7 33. Qxd6 Qe7 34. Qc7
Be6 35. Qa5 Bf7 36. Ne5 c5 37. Nxf7 Kxf7 38. Qd2 Bd4 39. b4 Qd6 40. Kf1 b6 41.
Bd1 Qf6 42. Bf3 Qd6 43. Bd5+ Kf6 44. bxc5 Qxc5 45. Qe2 Qd6 46. g3 a5 47. Qe8 Qe7
48. Qc6+ Kg7 49. Qc8 Bc5 50. Qg8+ Kf6 51. a4 Qg7 52. Qe6# {Black checkmated} 1-0

[Event "Team 45 45 League T55"]
[Site "Internet Chess Club"]
[Date "2013.01.14"]
[Round "8"]
[White "kidcobra"]
[Black "rubo"]
[Result "1/2-1/2"]
[WhiteElo "1757"]
[BlackElo "1721"]
[Opening "Caro-Kann: exchange variation"]
[ECO "B13"]
[Time "14:00:17"]
[TimeControl "2700+45"]

1. e4 c6 2. d4 d5 3. exd5 cxd5 4. Nf3 Bg4 5. h3 Bxf3 6. Qxf3 Nf6 7. Bd3 e6 8.
Bg5 Be7 9. c3 Nc6 10. O-O O-O 11. Nd2 Re8 12. Qe2 Qc7 13. f4 g6 14. Nf3 Nh5 15.
Ne5 Ng3 16. Qf3 Nxf1 17. Rxf1 Nxe5 18. dxe5 Bxg5 19. fxg5 Re7 20. Qf6 Rae8 21.
a4 Qb6+ 22. Kh1 a6 23. h4 Qe3 24. Bc2 Qg3 25. Rf4 Rc7 26. h5 gxh5 27. Qh6 Qxf4
28. Bxh7+ Kh8 29. Bf5+ Kg8 30. Qh7+ Kf8 31. Qh8+ Ke7 32. Qf6+ Kf8 33. Qh8+ Ke7
34. Qf6+ Kf8 35. Qh8+ Ke7 36. Qf6+ {Game drawn by repetition} 1/2-1/2

[Event "Team 45 45 League T55"]
[Site "Internet Chess Club"]
[Date "2013.01.13"]
[Round "8"]
[White "Dracoac"]
[Black "minke"]
[Result "0-1"]
[WhiteElo "1777"]
[BlackElo "1908"]
[Opening "Old Indian defense"]
[ECO "A42"]
[Time "21:30:11"]
[TimeControl "2700+45"]

1. d4 d6 2. c4 e5 3. d5 f5 4. Nc3 Nf6 5. Bg5 Be7 6. e4 a5 7. Bd3 O-O 8. Bxf6
Rxf6 9. f3 Na6 10. Nge2 Nc5 11. Bc2 Bd7 12. exf5 Bxf5 13. Ng3 Bg6 14. O-O Qd7
15. Nge4 Nxe4 16. Nxe4 Rff8 17. Qe2 Rab8 18. a4 c6 19. Rfd1 cxd5 20. Rxd5 Qc7
21. b3 Bf7 22. Rd2 Rbd8 23. Rad1 Bg6 24. Nc3 Bg5 25. Rd5 Bf7 26. Rb5 Be6 27. Be4
b6 28. Bd5 Rde8 29. Qf2 Bd8 30. Bxe6+ Rxe6 31. Nd5 Qf7 32. Qe2 Rh6 33. Nxb6 Qh5
34. h3 Bxb6+ 35. Rxb6 e4 36. Qxe4 Rg6 37. Rdxd6 Qc5+ 38. Kh1 Rxd6 39. Rxd6 Qxd6
40. Qc2 Re8 41. Qc3 Qg3 42. Qxa5 Re1+ 43. Qxe1 Qxe1+ 44. Kh2 Qb4 45. f4 Qxb3 46.
c5 Qxa4 47. f5 Qf4+ 48. g3 Qxf5 49. c6 Qc2+ {White resigns} 0-1

[Event "Team 45 45 League T55"]
[Site "Internet Chess Club"]
[Date "2013.01.14"]
[Round "8"]
[White "JustinL"]
[Black "SolaFide"]
[Result "0-1"]
[WhiteElo "1769"]
[BlackElo "1843"]
[Opening "Pirc defense"]
[ECO "B07"]
[Time "09:00:06"]
[TimeControl "2700+45"]

1. e4 d6 2. d4 Nf6 3. Nc3 g6 4. Be3 Bg7 5. f3 c6 6. Qd2 b5 7. g4 h5 8. g5 Nfd7
9. h4 Nb6 10. O-O-O b4 11. Nb1 a5 12. Nh3 Ba6 13. Bxa6 Nxa6 14. Qd3 O-O 15. f4
a4 16. a3 c5 17. c3 cxd4 18. Bxd4 Bxd4 19. Qxd4 Nc5 20. Kc2 Nb3 21. Qd3 bxc3 22.
Nxc3 Rc8 23. f5 Nc4 24. Nf4 Qb6 25. Nxa4 Nxa3# {White checkmated} 0-1

[Event "Team 45 45 League T55"]
[Site "Internet Chess Club"]
[Date "2013.01.12"]
[Round "8"]
[White "CzwartyWymiar"]
[Black "Schack"]
[Result "1-0"]
[WhiteElo "1844"]
[BlackElo "1705"]
[Opening "KGA: Abbazia defense, modern variation"]
[ECO "C31"]
[Time "12:00:13"]
[TimeControl "2700+45"]

1. e4 e5 2. f4 d5 3. exd5 exf4 4. Nf3 Nf6 5. Bc4 Nxd5 6. O-O Be6 7. Bb3 Bd6 8.
c4 Nb6 9. d4 Bxc4 10. Bxc4 O-O 11. Qc2 Nc6 12. a3 Qf6 13. Rd1 g5 14. Nc3 g4 15.
Ne4 Qg7 16. Nxd6 gxf3 17. Nf5 Qg5 18. Ba2 Kh8 19. g3 Rg8 20. Kh1 Qh5 21. Bxf4
Rae8 22. Re1 Re2 23. Rxe2 fxe2 24. Kg2 Re8 25. Re1 Na4 26. d5 Ne5 27. Qe4 f6 28.
Rxe2 Nc5 29. Qe3 Qxh2+ 30. Kxh2 Ng4+ 31. Kh3 Nxe3 32. Rxe3 {Black resigns} 1-0

[Event "Team 45 45 League T55"]
[Site "Internet Chess Club"]
[Date "2013.01.14"]
[Round "8"]
[White "clarinetref"]
[Black "razorbackchess4"]
[Result "1-0"]
[WhiteElo "1679"]
[BlackElo "1665"]
[Opening "Robatsch (modern) defense"]
[ECO "B06"]
[Time "22:04:14"]
[TimeControl "2700+45"]

1. e4 g6 2. d4 Bg7 3. Nf3 d6 4. Be3 Nd7 5. Nc3 a6 6. Qd2 e6 7. Bd3 Ne7 8. h4 Nf6
9. Bh6 O-O 10. O-O-O b5 11. Bxg7 Kxg7 12. e5 dxe5 13. dxe5 Nfg8 14. h5 c5 15.
hxg6 fxg6 16. Qe3 Qc7 17. Ng5 h6 18. Nf3 Bb7 19. Be4 Nf5 20. Bxf5 Rxf5 21. Ne4
Bxe4 22. Qxe4 Raf8 23. Rd6 Re8 24. Qd3 Rf7 25. Rxa6 c4 26. Qe4 Qc5 27. Qc6 Qxc6
28. Rxc6 Rd7 29. Rb6 Ra8 30. a3 Rd5 31. Rd1 Rxd1+ 32. Kxd1 Rd8+ 33. Ke2 Rd5 34.
Rxe6 Kf7 35. Rd6 Rxd6 36. exd6 Ke6 37. Nd4+ Kxd6 38. Nxb5+ Kc5 39. Nc3 Nf6 40.
f3 g5 41. Ke3 h5 42. Ne4+ {Black resigns} 1-0

[Event "Team 45 45 League T55"]
[Site "Internet Chess Club"]
[Date "2013.01.09"]
[Round "8"]
[White "charles-allen"]
[Black "Sir-Sinister"]
[Result "0-1"]
[WhiteElo "1892"]
[BlackElo "1995"]
[Opening "Sicilian: Alapin's variation (2.c3)"]
[ECO "B22"]
[Time "19:31:40"]
[TimeControl "2700+45"]

1. e4 c5 2. c3 Nf6 3. e5 Nd5 4. Nf3 e6 5. d4 cxd4 6. cxd4 d6 7. a3 Nc6 8. Bd3
dxe5 9. dxe5 g6 10. O-O Bg7 11. Re1 Qc7 12. Qe2 O-O 13. Bd2 Rd8 14. Nc3 Nxe5 15.
Nb5 Nxf3+ 16. Qxf3 Qb6 17. a4 a6 18. a5 Qc6 19. Rac1 Qd7 20. Rc5 axb5 21. Bxb5
Qd6 22. b4 Rxa5 23. Rxd5 Qxd5 24. bxa5 Qxf3 {White resigns} 0-1

[Event "Team 45 45 League T55"]
[Site "Internet Chess Club"]
[Date "2013.01.12"]
[Round "8"]
[White "MeoPatacca"]
[Black "j65536d"]
[Result "0-1"]
[WhiteElo "1817"]
[BlackElo "1879"]
[Opening "Queen's pawn: London system"]
[ECO "A45"]
[Time "15:07:16"]
[TimeControl "2700+45"]

1. d4 Nf6 2. Bf4 g6 3. e3 Bg7 4. Nf3 c5 5. c3 b6 6. Nbd2 d5 7. Be2 O-O 8. Ne5
Bb7 9. O-O Nc6 10. Bf3 e6 11. Re1 Rc8 12. Qa4 a6 13. Rad1 b5 14. Nxc6 Rxc6 15.
Qc2 b4 16. Nb3 Nd7 17. dxc5 bxc3 18. bxc3 Nxc5 19. Nd4 Rc8 20. Bg3 Qe7 21. Rb1
e5 22. Ne2 e4 23. Bg4 f5 24. Bh3 Nd3 25. Red1 a5 26. Rxd3 exd3 27. Qxd3 d4 28.
cxd4 Be4 29. Qb3+ Kh8 30. Rc1 Rxc1+ 31. Nxc1 Rc8 32. Ne2 Rc2 33. Qb8+ Bf8 34.
Be5+ Kg8 35. f3 Rxe2 36. fxe4 Qa3 37. Qb3+ Qxb3 38. axb3 Rxe3 39. exf5 Rxb3 40.
fxg6 Rb1+ 41. Kf2 hxg6 42. d5 Bc5+ 43. Ke2 Bb4 44. Kd3 Kf7 45. Kc2 Re1 46. Bg3
Re2+ 47. Kb3 Rd2 48. Kc4 Ke7 49. Bf4 Rc2+ 50. Kb3 Rc3+ 51. Kb2 Rd3 52. Be6 a4
53. Kc2 Rc3+ 54. Kb1 a3 55. Be5 Re3 56. Bd4 Re2 57. Bh3 Rd2 58. Bh8 Rxd5 59. Ka2
Rd2+ 60. Kb3 Bd6 61. Bc3 Re2 62. Bh8 Bxh2 63. Kxa3 Be5 64. Bxe5 Rxe5 65. Kb3 Rc5
66. Bg4 Kf6 67. Be2 Ke5 68. Bd3 g5 69. Bc4 Kd4 70. Be6 Ke3 71. g4 Kf4 72. Kb4
Rc1 73. Kb3 Rg1 74. Kc3 Rxg4 {White resigns} 0-1

[Event "Team 45 45 League T55"]
[Site "Internet Chess Club"]
[Date "2013.01.10"]
[Round "8"]
[White "SirIvanhoe"]
[Black "PJ"]
[Result "1/2-1/2"]
[WhiteElo "1550"]
[BlackElo "1660"]
[Opening "Bishop's opening: Berlin defense"]
[ECO "C24"]
[Time "13:01:32"]
[TimeControl "2700+45"]

1. e4 e5 2. Bc4 Nf6 3. d3 Be7 4. Nc3 c6 5. Nf3 d5 6. Bb3 d4 7. Ne2 O-O 8. O-O
Bd6 9. Ng3 h6 10. Ne1 Be6 11. h3 Nbd7 12. f4 exf4 13. Bxf4 Bxf4 14. Rxf4 Ne5 15.
Nh5 Nxh5 16. Qxh5 Ng6 17. Rf2 Qg5 18. Qxg5 hxg5 19. Nf3 Bxb3 20. axb3 c5 21.
Nxg5 f6 22. Ne6 Rfc8 23. Nf4 Ne5 24. Nd5 Kf7 25. Raf1 Rc6 26. Ra1 a6 27. g4 b5
28. g5 Rh8 29. Kg2 Rh5 30. gxf6 gxf6 31. Raf1 Rg5+ 32. Kh2 Rg6 33. Rf5 Nd7 34.
Rg1 Rh6 35. Rgf1 Re6 36. Nc7 Rc6 37. Nd5 Re6 38. Nc7 Rc6 39. Nd5 {Game drawn by
repetition} 1/2-1/2

[Event "Team 45 45 League T55"]
[Site "Internet Chess Club"]
[Date "2013.01.11"]
[Round "8"]
[White "QueensCounselor"]
[Black "Shijith"]
[Result "1/2-1/2"]
[WhiteElo "2073"]
[BlackElo "2011"]
[Opening "QGD semi-Slav: Stoltz variation"]
[ECO "D45"]
[Time "10:07:31"]
[TimeControl "2700+45"]

1. d4 d5 2. c4 c6 3. Nf3 Nf6 4. Nc3 e6 5. e3 Nbd7 6. Qc2 Bd6 7. Bd3 O-O 8. O-O
dxc4 9. Bxc4 b5 10. Be2 Bb7 11. Rd1 Qc7 12. h3 a6 13. a4 b4 14. Ne4 Nxe4 15.
Qxe4 c5 16. Qc2 Rac8 17. b3 cxd4 18. Qxc7 Rxc7 19. Nxd4 Rfc8 20. Bd2 Nf6 21.
Rac1 Rxc1 22. Rxc1 Rxc1+ 23. Bxc1 a5 24. Nb5 Be5 25. f3 Nd5 26. Kf2 Nc3 27. Bd3
Nxb5 28. axb5 Bd5 29. Bc2 Kf8 30. Bd2 Ke7 31. e4 Bb7 32. Be3 Kd7 33. f4 Bc7 34.
g4 e5 35. f5 Bd8 36. Kg3 h6 37. h4 f6 38. g5 hxg5 39. hxg5 Ke8 40. Kg4 Kf7 41.
Kh5 fxg5 42. Bxg5 Bb6 43. Bd3 Ba8 {Game drawn by mutual agreement} 1/2-1/2

[Event "Team 45 45 League T55"]
[Site "Internet Chess Club"]
[Date "2013.01.14"]
[Round "8"]
[White "seikster"]
[Black "fledermaus"]
[Result "1-0"]
[WhiteElo "1864"]
[BlackElo "1946"]
[Opening "Sicilian: Scheveningen, Keres attack"]
[ECO "B81"]
[Time "14:12:20"]
[TimeControl "2700+45"]

1. e4 c5 2. Nf3 e6 3. d4 cxd4 4. Nxd4 Nf6 5. Nc3 d6 6. g4 h6 7. h4 Be7 8. Rg1 d5
9. exd5 Nxd5 10. Nxd5 Qxd5 11. Bg2 Qc4 {Black resigns} 1-0

[Event "Team 45 45 League T55"]
[Site "Internet Chess Club"]
[Date "2013.01.13"]
[Round "8"]
[White "SaltofLife"]
[Black "Nb4"]
[Result "1-0"]
[WhiteElo "1939"]
[BlackElo "1936"]
[Opening "QGD Slav: exchange variation"]
[ECO "D13"]
[Time "00:18:16"]
[TimeControl "2700+45"]

1. d4 d5 2. Nf3 Nf6 3. c4 c6 4. cxd5 cxd5 5. Nc3 Nc6 6. Bf4 a6 7. Rc1 e6 8. e3
Be7 9. Bd3 O-O 10. Ne5 Qb6 11. Nxc6 bxc6 12. Rc2 c5 13. dxc5 Bxc5 14. O-O Bd6
15. Bg5 Be7 16. e4 dxe4 17. Nxe4 Nxe4 18. Bxe7 Bb7 19. Bxf8 Rxf8 20. Qe2 Nc5 21.
Bxh7+ Kxh7 22. Qh5+ Kg8 23. Qxc5 Qd8 24. Rc3 Bd5 25. a3 Qg5 26. Rg3 Qf4 27. Qc3
f6 28. Rc1 a5 29. Qc7 Qh6 30. b4 axb4 31. axb4 Rf7 32. Qc5 f5 33. f3 g5 34. Rh3
Qg6 35. Qc8+ Rf8 36. Rh8+ Kxh8 37. Qxf8+ Kh7 38. Rc7+ {Black resigns} 1-0

[Event "Team 45 45 League T55"]
[Site "Internet Chess Club"]
[Date "2013.01.13"]
[Round "8"]
[White "kabindra"]
[Black "Wholebrain"]
[Result "0-1"]
[WhiteElo "1778"]
[BlackElo "1953"]
[Opening "Sicilian: Labourdonnais-Löwenthal variation"]
[ECO "B32"]
[Time "05:00:15"]
[TimeControl "2700+45"]

1. e4 c5 2. Nf3 Nc6 3. d4 cxd4 4. Nxd4 e5 5. Nxc6 bxc6 6. Bc4 Nf6 7. Nc3 Bb4 8.
Qe2 O-O 9. O-O Qc7 10. Bg5 Bxc3 11. bxc3 Nxe4 12. Qxe4 d5 13. Bxd5 cxd5 14. Qxd5
Be6 15. Qf3 Rac8 16. Bd2 Rfd8 17. Rfd1 Qc4 18. h3 Qa4 19. Qg3 Qxc2 20. Rac1 Qa4
21. Kh2 f6 22. Bh6 Rd7 23. Rxd7 Qxd7 24. a3 Bf5 25. Be3 Qa4 26. Qf3 Be6 27. Qb7
Qxa3 28. Qxa7 Rxc3 29. Rxc3 Qxc3 30. Qe7 Qc6 31. Bc5 h6 32. Qf8+ Kh7 33. Qd6 Qc8
34. Qf8 Qa6 35. Qd6 Qc4 36. Qb6 Qf4+ 37. Kg1 Bd5 38. Be3 Qe4 39. f3 Qd3 40. Qc5
e4 41. f4 f5 42. Qd4 Qe2 43. Bd2 e3 44. Qxd5 exd2 45. Qxf5+ Kg8 46. Qd5+ Kh8 47.
Qd8+ Kh7 48. Qa5 {White resigns} 0-1

[Event "Team 45 45 League T55"]
[Site "Internet Chess Club"]
[Date "2013.01.13"]
[Round "8"]
[White "f5"]
[Black "Matusalen"]
[Result "1/2-1/2"]
[WhiteElo "2102"]
[BlackElo "2168"]
[Opening "Scandinavian: Pytel-Wade variation"]
[ECO "B01"]
[Time "21:02:30"]
[TimeControl "2700+45"]

1. e4 d5 2. exd5 Qxd5 3. Nc3 Qd6 4. d4 Nf6 5. Nf3 c6 6. g3 Bg4 7. Bg2 e6 8. O-O
Be7 9. Bf4 Qd8 10. h3 Bh5 11. g4 Bg6 12. Ne5 Nfd7 13. Nxg6 hxg6 14. Qe2 Nf6 15.
Rad1 Nbd7 16. Rfe1 Nb6 17. Be5 O-O 18. a3 Re8 19. Qd3 Nbd5 20. Ne2 b5 21. c3 Nd7
22. Bg3 a6 {Game drawn by mutual agreement} 1/2-1/2

[Event "Team 45 45 League T55"]
[Site "Internet Chess Club"]
[Date "2013.01.13"]
[Round "8"]
[White "gaibo4ever"]
[Black "bobhill"]
[Result "1-0"]
[WhiteElo "2040"]
[BlackElo "1856"]
[Opening "Sicilian: dragon, Yugoslav attack, 10.O-O-O"]
[ECO "B79"]
[Time "13:32:56"]
[TimeControl "2700+45"]

1. e4 c5 2. Nf3 d6 3. d4 cxd4 4. Nxd4 Nf6 5. Nc3 g6 6. Be3 Bg7 7. f3 Nc6 8. Qd2
O-O 9. Bc4 Bd7 10. O-O-O Qa5 11. Bb3 Rfc8 12. g4 Ne5 13. h4 Nc4 14. Bxc4 Rxc4
15. h5 Rac8 16. Nb3 Qa6 17. hxg6 fxg6 18. e5 Rxc3 19. bxc3 Ne8 20. Qh2 Qxa2 21.
Bd4 Be6 22. Qxh7+ Kf7 23. Rh6 Bxb3 24. cxb3 Qxb3 25. Qxg6+ Kg8 26. Rh2 Qa3+ 27.
Kd2 Qa2+ 28. Qc2 Qd5 29. Qh7+ Kf7 30. Qf5+ Kg8 31. Qxc8 Qa2+ 32. Kd3 Qa4 33.
Qc4+ Qxc4+ 34. Kxc4 dxe5 35. Bxa7 Nd6+ 36. Rxd6 {Black resigns} 1-0

[Event "Team 45 45 League T55"]
[Site "Internet Chess Club"]
[Date "2013.01.12"]
[Round "8"]
[White "alexping"]
[Black "DarkFlow"]
[Result "1/2-1/2"]
[WhiteElo "1963"]
[BlackElo "1856"]
[Opening "Grünfeld: exchange, Spassky variation"]
[ECO "D87"]
[Time "10:04:37"]
[TimeControl "2700+45"]

1. d4 Nf6 2. c4 g6 3. Nc3 d5 4. cxd5 Nxd5 5. e4 Nxc3 6. bxc3 Bg7 7. Bb5+ c6 8.
Bc4 c5 9. Ne2 O-O 10. O-O Nc6 11. dxc5 Qa5 12. Be3 Ne5 13. Bd5 e6 14. Bb3 Ng4
15. Qc1 Nxe3 16. Qxe3 Bd7 17. Rad1 Rfd8 18. c6 Bxc6 19. Nd4 Ba4 20. Rc1 Bxb3 21.
axb3 Qb6 22. Rfe1 Bxd4 23. cxd4 Qxd4 24. Rc7 Qxe3 25. fxe3 Rab8 26. e5 Rd5 27.
Rf1 Rf8 28. Rxb7 Rxe5 29. Ra1 a5 30. e4 Ra8 31. Rf1 Rf8 32. Ra1 f5 33. exf5 exf5
34. b4 axb4 35. Raa7 Rfe8 36. Rg7+ Kh8 37. Rxh7+ Kg8 38. Rhg7+ Kh8 39. Rh7+
{Game drawn by mutual agreement} 1/2-1/2

[Event "Team 45 45 League T55"]
[Site "Internet Chess Club"]
[Date "2013.01.13"]
[Round "8"]
[White "Docvan"]
[Black "DutchBird"]
[Result "0-1"]
[WhiteElo "1577"]
[BlackElo "1492"]
[Opening "KGA: Abbazia defense, modern variation"]
[ECO "C36"]
[Time "08:00:10"]
[TimeControl "2700+45"]

1. e4 e5 2. f4 d5 3. Nf3 exf4 4. exd5 Nf6 5. Bc4 Nxd5 6. O-O Be6 7. Re1 Be7 8.
d4 Nc6 9. c3 Qd6 10. Na3 a6 11. Bb3 b5 12. c4 bxc4 13. Nxc4 Qb4 14. a3 Qb7 15.
Nce5 Nxe5 16. Nxe5 O-O 17. Bxd5 Bxd5 18. Bxf4 Bxg2 19. Qg4 Bd5 20. Bh6 Bf6 21.
Nd7 Kh8 22. Be3 Be6 23. Nc5 Bxg4 24. Nxb7 Rab8 25. Nc5 Rxb2 26. Nxa6 Rb3 27.
Nxc7 Rxe3 28. Rxe3 Bxd4 29. Re1 Rc8 30. Nb5 Bxe3+ 31. Rxe3 g6 32. Kg2 Rc2+ 33.
Kg3 Bd7 34. Nd6 Kg7 35. Re7 Be6 36. Rc7 Rxc7 37. Ne8+ Kf8 38. Nxc7 Bc4 39. Kf3
Ke7 40. Ke4 Kd7 41. Nd5 f5+ 42. Kd4 Bxd5 {White resigns} 0-1

[Event "Team 45 45 League T55"]
[Site "Internet Chess Club"]
[Date "2013.01.09"]
[Round "8"]
[White "pereelcoix"]
[Black "DrunknMaster"]
[Result "1-0"]
[WhiteElo "1506"]
[BlackElo "1750"]
[Opening "Pirc: classical system, 5.Be2"]
[ECO "B08"]
[Time "16:00:19"]
[TimeControl "2700+45"]

1. e4 d6 2. d4 Nf6 3. Nc3 g6 4. Nf3 Bg7 5. Be2 O-O 6. O-O c6 7. Bg5 b5 8. e5
dxe5 9. Nxe5 b4 10. Na4 Qc7 11. Bf4 Qa5 12. Nc5 Nd5 13. Bg3 f5 14. Bc4 f4 15.
Nxc6 Nxc6 16. Bxd5+ Kh8 17. Bxc6 fxg3 18. Bxa8 gxh2+ 19. Kxh2 Qc7+ 20. Kg1 Qf4
21. Bf3 Bxd4 22. Nd3 Qh4 23. c3 bxc3 24. bxc3 Bxc3 25. Rc1 Ba5 26. Rc2 Bb6 27.
Qc1 Ba6 28. Qa3 Rxf3 29. Qxa6 Rf6 30. Qc8+ Kg7 31. Re1 Rf7 32. Rce2 e5 33. Re4
Qg3 34. Qc2 Rf3 35. R4e3 Bxe3 36. Rxe3 Qg5 37. Rxf3 e4 38. Qc7+ {Black resigns}
1-0